 Dungeon Crawl Stone Soup version 0.29.1-15-g9cfb28693d (webtiles) character file.

Game seed: 9385087995520355042

11 hawla the Chiller (level 2, 0/20 HPs)
             Began as a Meteoran Ice Elementalist on Apr 3, 2023.
             Slain by a goblin
             ... wielding a +0 dagger
             ... led by Robin
              (1 damage)
             ... on level 3 of the Dungeon.
             The game lasted 00:01:37 (316 turns).

hawla the Chiller (Meteoran Ice Elementalist)        Turns: 316, Time: 00:01:38

Health: 0/20       AC:  2    Str:  9    XL:     2   Next: 52%
Magic:  4/6        EV: 12    Int: 16    God:
Gold:   29         SH:  0    Dex: 14    Spells: 5/6 levels left

rFire   . . .      SeeInvis .   (no weapon)
rCold   . . .      Faith    .   (no shield)
rNeg    . . .      Spirit   .   a - +0 robe
rPois   .          Reflect  .   (no helmet)
rElec   .          Harm     .   (no cloak)
rCorr   .          Rampage  .   (no gloves)
Will    .....                   (no boots)
Stlth   +.........              (no amulet)
HPRegen 0.06/turn               (no ring)
MPRegen 0.10/turn               (no ring)

@: glowing
A: sense surroundings 1, otherworldly, glowing, explore regen
a: no special abilities


You were on level 3 of the Dungeon.
You visited 1 branch of the dungeon, and saw 3 of its levels.

You collected 29 gold pieces.

Inventory:

Armour
 a - a +0 robe (worn)
Potions
 b - a potion of magic


   Skills:
 + Level 2.5 Dodging
 - Level 1.4 Stealth
 + Level 2.9 Spellcasting
 + Level 4.8 Ice Magic


You had 5 spell levels left.
You knew the following spells:

 Your Spells              Type           Power      Damage    Failure   Level
a - Freeze                Ice            68%        1d8       2%          1

Your spell library contained the following spells:

 Spells                   Type           Power      Damage    Failure   Level
 Frozen Ramparts          Ice            34%        1d6       8%          3
 Ozocubu's Armour         Ice            17%        N/A       8%          3
 Hailstorm                Conj/Ice       10%        3d5       56%         4
 Dispersal                Tloc           1%         N/A       100%        6
 Disjunction              Tloc           1%         N/A       100%        8


Dungeon Overview and Level Annotations

Branches:
Dungeon (3/15) Zot: 1483

Altars:

Shops:
D:2 [

Annotations:
D:3 Grinder, Robin


Innate Abilities, Weirdness & Mutations

You passively map a small area around you.
You are easily found by Zot.
You glow in the dark.
You regain HP and MP as you explore.


Message History

The worm closely misses you.
You barely miss the worm.
The worm is severely wounded.
Casting: Freeze (safe; 2% risk of failure)
Confirm with . or Enter, or press ? or * to list all spells.
Aiming: Freeze (safe; 2% risk of failure)
Press: ? - help, Shift-Dir - straight line, f/p - worm
Aim: a worm (severely wounded)
You freeze the worm!
You kill the worm!
Unknown command.
You see here a worm corpse.
There is a stone staircase leading down here.
You climb downwards.
Level annotation: Grinder The goblin shouts! x3; The hobgoblin shouts! x2; The orc wizard shouts!
The orc shouts!
The endoplasm quivers.
The goblin shouts! x2; You hear a shout! x4; You hear an angry hiss.
Found 37 gold pieces, a scroll labelled JYQOOM DURETT and 2 stones.
There is a stone staircase leading up here.
Robin shouts!
A bat comes into view.
Robin throws the goblin at you! The goblin hits you with a +0 dagger.
A goblin comes into view. It is wielding a +0 dagger.
The goblin unwields a +0 club.
The goblin wields a +0 sling.
The goblin shoots a sling bullet.
The sling bullet hits you.
An endoplasm comes into view.
An orc comes into view. It is wielding a +0 hand axe.
A goblin comes into view. It is wielding a +0 club.
A goblin comes into view. It is wielding a +0 dagger.
The orc wizard points at you and mumbles some strange words.
The magic dart hits you!
Ouch! That really hurt!
* * * LOW HITPOINT WARNING * * *
A dart slug comes into view.
The orc shouts!
The goblin shouts!
You hear a shout! x3
The goblin hits you with a +0 dagger.
You die...

** * , ...gJ.. *
....g.# , ,
,.....g , . ,
g..g# ,...,*
.g.g# , *
,...$####$ggg#.#
*
#oo............
* #....@.......
* ###.gg.....o.
* * ,#......b..?
, ,#.#.....$.. *
* #.#........ *
,........... ..
...(.K..., , ,
..w ....g.... *
# , , * *


You could see Robin, an orc wizard, a dart slug, 2 orcs, an endoplasm, 3
hobgoblins, 9 goblins, a bat and a kobold.

Vanquished Creatures
  A worm (D:2)
  An endoplasm (D:2)
  A giant cockroach (D:2)
  A bat (D:2)
  2 frilled lizards (D:2)
  4 rats (D:2)
10 creatures vanquished.

Notes
Turn   | Place    | Note
-------+----------+-------------------------------------------
     0 | D:1      | hawla the Meteoran Ice Elementalist began the quest for the
                  | Orb.
     0 | D:1      | Reached XP level 1. HP: 14/14 MP: 5/5
   119 | D:3      | Noticed Grinder
   140 | D:2      | Reached XP level 2. HP: 20/20 MP: 4/6
   156 | D:2      | Found Wismaan's Armour Boutique.
   314 | D:3      | Noticed Robin
   315 | D:3      | HP: 1/20 [orc wizard/magic dart (12)]
   316 | D:3      | Slain by a goblin

Illustrated notes

Levels and vault maps discovered:
D:1:      saegor_arrival_simple_d, layout_basic,
          dreamdust_ecumenical_altar_angels_and_demons
D:2:      layout_loops_ring, serial_shops, nicolae_shop_window_shopping,
          nicolae_hexahallways, uniq_sigmund
D:3:      layout_rooms, general_overflow_altar, uniq_robin, uniq_grinder

Action                   || total
-------------------------++-------
Melee: Unarmed           ||    32
 Cast: Freeze            ||    16
Armor: Robe              ||    11
Dodge: Dodged            ||    19
